 Dungeon Crawl Stone Soup version 0.31-a0-986-g5e6e4ef867 (webtiles) character file.

Game seed: 17988533765050369101

52 Hubris850 the Sneak (level 3, -2/16 HPs)
             Began as a Spriggan Enchanter on Nov 22, 2023.
             Was a Follower of Makhleb.
             Slain by Natasha (3 damage)
             ... on level 3 of the Dungeon.
             The game lasted 00:04:29 (1278 turns).

Hubris850 the Sneak (Spriggan Enchanter)            Turns: 1278, Time: 00:04:30

Health: -2/16      AC:  2    Str:  4    XL:     3   Next: 60%
Magic:  2/8        EV: 17    Int: 16    God:    Makhleb [*.....]
Gold:   112        SH:  5    Dex: 17    Spells: 6/8 levels left

rFire   . . .        a - +1 dagger
rCold   . . .        (no shield)
rNeg    . . .        b - +0 robe
rPois   .            (helmet restricted)
rElec   .            (no cloak)
rCorr   .            (gloves unavailable)
SInv    +            (boots unavailable)
Will    .....        l - amulet of reflection
Stlth   +++          (no ring)
HPRegen 0.22/turn    (no ring)
MPRegen 0.11/turn

%: reflection
@: slowed, quick
A: very small, no large weapons, unfitting armour, see invisible, speed 3
a: Renounce Religion


You were on level 3 of the Dungeon.
You worshipped Makhleb.
Makhleb was aware of your devotion.
You visited 1 branch of the dungeon, and saw 3 of its levels.

You collected 112 gold pieces.

Inventory:

Hand Weapons
 a - a +1 dagger (weapon)
 f - a +0 sling
 p - a +1 heavy sling
Missiles
 e - 5 curare-tipped darts
 n - 3 boomerangs
Armour
 b - a +0 robe (worn)
Jewellery
 l - an amulet of reflection (around neck)
 t - a ring of ice
Scrolls
 g - a scroll of fear {unknown}
 h - a scroll of enchant weapon {unknown}
 j - a scroll of identify {unknown}
 k - a scroll of teleportation {unknown}
 o - a scroll of torment {unknown}
 q - 2 scrolls of immolation {unknown}
 u - a scroll of poison {unknown}
Potions
 c - 2 potions of invisibility
 d - a potion of cancellation {unknown}
 i - 6 potions of curing {unknown}
 m - a potion of magic {unknown}
 r - a potion of enlightenment {unknown}
 s - 2 potions of ambrosia {unknown}


   Skills:
 - Level 1.1 Short Blades
 - Level 2.6 Dodging
 - Level 6.0 Stealth
 - Level 3.0 Spellcasting
 - Level 4.0 Hexes
 + Level 1.1 Ice Magic


You had 6 spell levels left.
You knew the following spells:

 Your Spells              Type           Power      Damage    Failure   Level
a - Ensorcelled Hibernat  Hex/Ice        20%        N/A       10%         2

Your spell library contained the following spells:

 Spells                   Type           Power      Damage    Failure   Level
 Confusing Touch          Hex            15%        N/A       11%         3
 Tukima's Dance           Hex            15%        N/A       11%         3
 Apportation              Tloc           4%         N/A       19%         1
 Necrotise                Necr           8%         1d4       19%         1
 Summon Small Mammal      Summ           8%         N/A       19%         1
 Dazzling Flash           Conj/Hex       16%        N/A       24%         3
 Summon Guardian Golem    Hex/Summ       8%         N/A       24%         3
 Call Canine Familiar     Summ           2%         N/A       50%         3


Dungeon Overview and Level Annotations

Branches:
Dungeon (3/15)

Altars:
Dithmenos
Makhleb

Annotations:
D:3 Natasha


Innate Abilities, Weirdness & Mutations

You are very small and have problems with some larger weapons.
You are too small for most types of armour.
You have supernaturally acute eyesight. (SInv)
You cover ground extremely quickly. (Speed+++)


Message History

Natasha casts a spell.
You barely miss Natasha.
Natasha is moderately wounded.
Natasha misses you. You block the cerulean imp's attack.
You hit Natasha but do no damage.
Natasha is moderately wounded.
Natasha casts a spell at you. The magic dart hits you!
You are too injured to fight recklessly!
You are too injured to fight recklessly!
Casting: Ensorcelled Hibernation (safe; 10% risk of failure)
Confirm with . or Enter, or press ? or * to list all spells.
Aiming: Ensorcelled Hibernation (safe; 10% risk of failure)
Press: ? - help, Shift-Dir - straight line, f - Natasha
Aim: Natasha (moderately wounded, chance to affect: 44%) Natasha resists with some effort.
The cerulean imp completely misses you. Natasha closely misses you.
Casting: Ensorcelled Hibernation (safe; 10% risk of failure)
Confirm with . or Enter, or press ? or * to list all spells.
Aiming: Ensorcelled Hibernation (safe; 10% risk of failure)
Press: ? - help, Shift-Dir - straight line, f/p - Natasha
Aim: Natasha (moderately wounded, chance to affect: 44%) Natasha resists with some effort.
The cerulean imp hits you with a +2 spear.
* * * LOW HITPOINT WARNING * * *
Natasha stares at you and mumbles some strange words.
You feel yourself slow down.
Casting: Ensorcelled Hibernation (safe; 10% risk of failure)
Confirm with . or Enter, or press ? or * to list all spells.
Aiming: Ensorcelled Hibernation (safe; 10% risk of failure)
Press: ? - help, Shift-Dir - straight line, f/p - Natasha
Aim: Natasha (moderately wounded, chance to affect: 44%) Natasha resists with some effort.
You block the cerulean imp's attack.
Natasha wildly gestures.
You feel troubled. Natasha claws you.
* * * LOW HITPOINT WARNING * * *
The cerulean imp misses you. Natasha claws you.
You die...
Natasha begins licking her fur clean.

#.# #.............
#.# ####...#####..
#.# ###$# ..#
###.# ### #.#.####
#.?....# #..#.##.#
##.##..#.######
.......).5@h....#
##........#####...
#......#..#
#####.......
#.........
...###....#) ..##
..##.. .. ### ...


You could see Natasha and a cerulean imp (summoned).

Vanquished Creatures
  An adder (D:2)
  5 ball pythons
  2 bats (D:1)
  3 endoplasms
  4 giant cockroaches
  5 goblins
  5 hobgoblins
  2 kobolds (D:1)
  A quokka (D:2)
  5 frilled lizards
  7 rats
40 creatures vanquished.

Notes
Turn   | Place    | Note
-------+----------+-------------------------------------------
     0 | D:1      | Hubris850 the Spriggan Enchanter began the quest for the
                  | Orb.
     0 | D:1      | Reached XP level 1. HP: 9/9 MP: 5/5
    50 | D:1      | Reached skill level 5 in Stealth
   139 | D:1      | Reached XP level 2. HP: 13/13 MP: 6/6
   299 | D:1      | Found a faded altar of an unknown god.
   307 | D:1      | Prayed at the altar of an unknown god.
   307 | D:1      | Became a worshipper of Makhleb the Destroyer
   307 | D:1      | Reached * piety under Makhleb
   379 | D:1      | Reached skill level 6 in Stealth
   407 | D:1      | Learned a level 2 spell: Ensorcelled Hibernation
   700 | D:2      | Found a shadowy altar of Dithmenos.
   820 | D:2      | Reached XP level 3. HP: 16/16 MP: 8/8
  1209 | D:2      | Reached skill level 1 in Ice Magic
  1262 | D:3      | Noticed Natasha
  1278 | D:3      | Slain by Natasha

Illustrated notes

Levels and vault maps discovered:
D:1:      wander_arrival_fairy_ring, layout_rooms,
          shapermc_ecumenical_altar_totnotflames
D:2:      layout_basic, basic_altar, kennysheep_cluttered_room
D:3:      layout_rooms, mainiacjoe_overflow_tiny_flanked, uniq_natasha

Skill      XL: |  1  2  3 |
---------------+----------+-----
Stealth        | 5 6 |  6.0
Spellcasting   | 3 |  3.0
Hexes          | 4 |  4.0
Ice Magic      | 1 |  1.1
Short Blades   | |  1.1
Dodging        | |  2.6

Action                     || total
---------------------------++-------
  Melee: Dagger            ||   120
   Cast: Ensorcelled Hiber ||     7
   Stab: Sleeping          ||    18
         Distracted        ||     1
 Armour: Robe              ||    32
  Dodge: Dodged            ||    62
  Block: Other             ||    20

Table legend: (Time is in decaauts)
 A = Elapsed time spent in this place.
 B = Non-inter-level travel time spent in this place.
 C = Inter-level travel time spent in this place.
 D = Time resting spent in this place.
 E = Time spent auto-exploring this place.
 F = Levels seen in this place.
 G = Mean time per level.
                   A        B        C        D        E       F      G
               +--------+--------+--------+--------+--------+-----+--------+
         Total |    874 |    855 |     19 |     71 |    479 |   3 |  291.3 |
       Dungeon |    874 |    855 |     19 |     71 |    479 |   3 |  291.3 |
               +--------+--------+--------+--------+--------+-----+--------+

Top non-repeatable levels by time:
     D:2: 471 daAuts
     D:1: 365 daAuts
     D:3: 37 daAuts
